 Dungeon Crawl Stone Soup version 0.19.0 (webtiles) character file.

452 Magifyre the Cudgeler (level 6, -5/70 HPs)
             Began as a Demonspawn Berserker on Nov 8, 2016.
             Was a Believer of Trog.
             Slain by a wight
             ... wielding a +5 battleaxe of freezing
              (12 damage)
             ... on level 6 of the Dungeon.
             The game lasted 00:12:46 (4620 turns).

Magifyre the Cudgeler (Demonspawn Berserker)        Turns: 4620, Time: 00:12:47

Health: -5/70      AC: 11    Str: 23    XL:     6   Next: 75%
Magic:  6/6        EV: 10    Int:  8    God:    Trog [**....]
Gold:   286        SH:  3    Dex: 14    Spells: 0 memorised, 5 levels left

rFire  . . .     SeeInvis .     a - +0 mace
rCold  + . .     Gourm    .     o - +2 scale mail {MR+}
rNeg   . . .     Faith    .     (no shield)
rPois  .         Spirit   .     (helmet restricted)
rElec  .         Reflect  +     r - +2 cloak
rCorr  .         Harm     .     (no gloves)
MR     ++...                    (no boots)
Stlth  ..........               l - +3 amulet of reflection
                                (no ring)
                                i - ring of protection from magic

@: berserking, drained, very quick
A: horns 1, cold resistance 1, demonic guardian 1
a: Berserk, Trog's Hand, Burn Spellbooks, Renounce Religion


You were on level 6 of the Dungeon.
You worshipped Trog.
Trog was pleased with you.
You were not hungry.

You visited 1 branch of the dungeon, and saw 6 of its levels.

You collected 286 gold pieces.

Inventory:

Hand Weapons
 a - a +0 mace (weapon)
 s - a +0 blowgun
Missiles
 t - 33 poisoned needles
 w - 3 javelins of returning (quivered)
 x - 6 needles of confusion
 G - 2 tomahawks
Armour
 o - a +2 scale mail of magic resistance (worn)
 r - a +2 cloak (worn)
 L - a +0 pair of boots
Jewellery
 i - a ring of protection from magic (left hand)
 l - a +3 amulet of reflection (around neck)
 y - an uncursed amulet of guardian spirit {unknown}
 F - an uncursed ring of wizardry {unknown}
Wands
 C - a wand of random effects (27/48)
 J - a wand of digging (18/24)
Scrolls
 b - 2 scrolls of enchant armour {unknown}
 d - 2 scrolls of recharging {unknown}
 e - 9 scrolls of identify {unknown}
 f - 4 scrolls of remove curse {unknown}
 h - 4 scrolls of amnesia {unknown}
 v - a scroll of noise {unknown}
 E - a scroll of blinking {unknown}
 M - a scroll of teleportation {unknown}
Potions
 g - a potion of invisibility {unknown}
 j - 3 potions of heal wounds {unknown}
 k - a potion of mutation {unknown}
 m - 2 potions of might {unknown}
 n - 3 potions of curing {unknown}
 q - a potion of beneficial mutation {unknown}
 u - a potion of brilliance {unknown}
 z - a potion of degeneration {unknown}
 B - a potion of ambrosia {unknown}
 D - a potion of agility {unknown}
 I - a potion of cancellation {unknown}
 K - a potion of lignification {unknown}
Books
 H - a book of Conjurations

   Spells                             Type                      Level
   a - Magic Dart                     Conjuration                  1
   b - Searing Ray                    Conjuration                  2
   c - Dazzling Spray                 Conjuration/Hexes            3
   d - Fulminant Prism                Conjuration/Hexes            4
   e - Iskenderun's Mystic Blast      Conjuration                  4
   f - Iskenderun's Battlesphere      Conjuration/Charms           5
   Trog disapproves of the use of such an item.
Comestibles
 c - a bread ration
 p - a royal jelly


   Skills:
 - Level 3.0(2.1) Fighting
 + Level 7.0(6.0) Maces & Flails
 - Level 1.7(0.9) Armour
 - Level 1.7(0.9) Dodging


You had 5 spell levels left.
You didn't know any spells.

Dungeon Overview and Level Annotations

Branches:
Dungeon (6/15)             Temple (0/1) D:5

Altars:
Ashenzari
Cheibriados
Elyvilon
Okawaru

Annotations:
D:5 jimeh's ghost, novice MiHu


Innate Abilities, Weirdness & Mutations

You have a pair of small horns on your head.
Your flesh is cold resistant. (rC+)
A weak demonic guardian rushes to your aid.


Message History

The wight is heavily damaged.
You block the wight's attack.
You hit the wight but do no damage.
The wight is heavily damaged.
The wight hits you with a battleaxe of freezing!
You feel drained. The wight freezes you.
* * * LOW HITPOINT WARNING * * *
You hit the wight.
The wight is severely damaged.
Your shadow imp disappears in a puff of smoke!
The wight hits you with a battleaxe of freezing!
* * * LOW HITPOINT WARNING * * *
You feel drained.
* * * LOW HITPOINT WARNING * * *
The wight freezes you.
* * * LOW HITPOINT WARNING * * *
A red film seems to cover your vision as you go berserk!
You feel yourself moving faster!
You feel mighty!
You feel a lot more hungry.
The wight hits you with a battleaxe of freezing!
You die...

### #<# #.# #.# #.#
#.# #.# #@# #######z#
#.....#'########
#.##....>......#
#...........#
...######...........#
...................>#
.......##...........#
###.... ##+#+######.#


You could see a wight.

Vanquished Creatures
  An ogre (D:4)
  A scorpion (D:5)
  A bullfrog zombie (D:5)
  2 orc priests (D:4)
  An orc wizard (D:4)
  A worker ant (D:4)
  A worker ant zombie (D:5)
  An adder (D:3)
  3 gnolls
  2 oozes
  A worm (D:2)
  2 leopard geckos
  8 orcs
  2 ball pythons
  6 giant cockroaches
  4 hobgoblins (D:1)
  4 jackals (D:1)
  10 kobolds
  A quokka (D:2)
  2 bats (D:1)
  2 frilled lizards
  5 goblins
  6 rats
67 creatures vanquished.

Vanquished Creatures (collateral kills)
  A howler monkey (D:5)
  An orc priest (D:4)
  A bullfrog skeleton (D:3)
  A worker ant (D:4)
  A gnoll (D:2)
  An adder skeleton (D:4)
  An orc (D:4)
  A giant cockroach (D:4)
  A goblin (D:2)
  A kobold (D:2)
10 creatures vanquished.

Vanquished Creatures (others)
  A kobold (D:3)
1 creature vanquished.

Grand Total: 78 creatures vanquished

Notes
Turn   | Place    | Note
-------+----------+-------------------------------------------
     0 | D:1      | Magifyre the Demonspawn Berserker began the quest for the Orb.
     0 | D:1      | Reached XP level 1. HP: 18/18 MP: 1/1
    50 | D:1      | Reached skill level 3 in Maces & Flails
   129 | D:1      | Gained mutation: You have a pair of small horns on your head. [demonic ancestry]
   129 | D:1      | Reached XP level 2. HP: 18/24 MP: 2/2
   699 | D:1      | Gained mutation: A weak demonic guardian rushes to your aid. [demonic ancestry]
   699 | D:1      | Reached XP level 3. HP: 29/29 MP: 3/3
   885 | D:2      | Found a shattered altar of Ashenzari.
   906 | D:2      | Reached ** piety under Trog
   940 | D:2      | Reached skill level 4 in Maces & Flails
  1047 | D:2      | You fall through a shaft!
  1178 | D:3      | Found a snail-covered altar of Cheibriados.
  1189 | D:3      | Reached XP level 4. HP: 35/35 MP: 4/4
  2045 | D:2      | Found an iron altar of Okawaru.
  2777 | D:3      | Reached skill level 5 in Maces & Flails
  3038 | D:4      | Reached XP level 5. HP: 38/41 MP: 5/5
  3187 | D:4      | Noticed an ogre
  3233 | D:4      | Killed an ogre
  3233 | D:4      | Reached skill level 6 in Maces & Flails
  3233 | D:4      | Gained mutation: Your flesh is cold resistant. (rC+) [demonic ancestry]
  3233 | D:4      | Reached XP level 6. HP: 9/47 MP: 6/6
  4018 | D:5      | Entered Level 5 of the Dungeon
  4018 | D:5      | Found a white marble altar of Elyvilon.
  4136 | D:5      | Found a staircase to the Ecumenical Temple.
  4341 | D:5      | Noticed jimeh's ghost (novice MiHu)
  4344 | D:5      | Reached skill level 7 in Maces & Flails
  4620 | D:6      | Slain by a wight

Skill      XL: |  1  2  3  4  5  6 |
---------------+-------------------+-----
Maces & Flails | 3 4 5 6 7 |  7.0
Fighting       | |  3.0
Armour         | |  1.7
Dodging        | |  1.7

Action                   |  1- 3 |  4- 6 || total
-------------------------+-------+-------++-------
Melee: Mace              |   113 |   157 ||   270
       Headbutt          |    13 |    38 ||    51
Invok: Trog's Hand       |       |     3 ||     3
       Berserk           |       |     3 ||     3
  Eat: Chunk             |     1 |    10 ||    11
       Bread ration      |       |     1 ||     1
       Fruit             |       |     1 ||     1
Armor: Animal skin       |     2 |       ||     2
       Scale mail        |    41 |    57 ||    98
Dodge: Dodged            |    75 |    83 ||   158
Block: Other             |     8 |    18 ||    26
       Reflection        |     1 |     2 ||     3
